 Dungeon Crawl Stone Soup version 0.29.1-15-g9cfb28693d (webtiles) character file.

Game seed: 3734413231012972215

839 Artool the Trooper (level 7, -1/57 HPs)
             Began as a Demonspawn Fighter on Apr 6, 2023.
             Succumbed to a water moccasin's poison
             ... on level 6 of the Dungeon.
             The game lasted 00:05:48 (6148 turns).

Artool the Trooper (Demonspawn Fighter)             Turns: 6148, Time: 00:05:48

Health: -1/57      AC: 11    Str: 18    XL:     7   Next: 67%
Magic:  7/7        EV:  9    Int:  9    God:
Gold:   254        SH:  5    Dex: 19    Spells: 6/6 levels left

rFire   + . .      SeeInvis .   p - +0 whip
rCold   . . .      Faith    .   c - +0 buckler
rNeg    . . .      Spirit   .   b - +0 scale mail
rPois   .          Reflect  .   (helmet restricted)
rElec   .          Harm     .   (no cloak)
rCorr   .          Rampage  .   n - +0 pair of gloves
Will    .....                   (no boots)
Stlth   ..........              (no amulet)
HPRegen 0.19/turn               s - ring of protection from fire
MPRegen 0.20/turn               w - +6 ring of dexterity

@: lethally poisoned (-1 -> -20)
A: horns 1, slimy green scales 2, magic regeneration
a: no special abilities


You were on level 6 of the Dungeon.
You visited 1 branch of the dungeon, and saw 6 of its levels.

You collected 254 gold pieces.

Inventory:

Hand Weapons
 a - a +0 flail
 p - a +0 whip (weapon)
Missiles
 t - 2 throwing nets (quivered)
Armour
 b - a +0 scale mail (worn)
 c - a +0 buckler (worn)
 n - a +0 pair of gloves (worn)
Jewellery
 s - a ring of protection from fire (left hand)
 w - a +6 ring of dexterity (right hand)
 y - a ring of fire
Wands
 C - a wand of mindburst (1)
Scrolls
 e - 5 scrolls of identify {unknown}
 g - a scroll of magic mapping {unknown}
 i - 2 scrolls of teleportation {unknown}
 k - 2 scrolls of fog {unknown}
 q - 2 scrolls of silence {unknown}
 x - a scroll of enchant weapon {unknown}
 z - a scroll of enchant armour {unknown}
 A - a scroll of noise {unknown}
 B - 2 scrolls of blinking {unknown}
 D - a scroll of summoning {unknown}
 E - a scroll of torment {unknown}
Potions
 d - 2 potions of might
 f - a potion of mutation {unknown}
 h - 2 potions of ambrosia {unknown}
 j - a potion of brilliance {unknown}
 l - a potion of attraction {unknown}
 m - 3 potions of flight {unknown}
 o - 2 potions of heal wounds {unknown}
 r - a potion of lignification {unknown}
 u - a potion of cancellation {unknown}
 v - a potion of curing {unknown}


   Skills:
 + Level 5.8 Fighting
 + Level 4.8 Maces & Flails
 + Level 5.3 Armour
 - Level 2.6 Shields


You had 6 spell levels left.
You didn't know any spells.
Your spell library contained the following spells:

 Spells                   Type           Power      Damage    Failure   Level
 Sandblast                Erth           0%         2d4       85%         1
 Passwall                 Tmut/Erth      0%         N/A       94%         2
 Stone Arrow              Conj/Erth      0%         3d7       99%         3


Dungeon Overview and Level Annotations

Branches:
Dungeon (6/15)
 Temple: D:4-7

Altars:
Cheibriados
Fedhas
Okawaru
Qazlal

Shops:
D:5 [


Innate Abilities, Weirdness & Mutations

You have a pair of small horns on your head.
You are mostly covered in slimy green scales. (AC +3)
You regenerate magic rapidly.


Message History

The water moccasin completely misses you.
You block the water moccasin's attack.
You hit the water moccasin.
The water moccasin is heavily wounded.
The water moccasin bites you.
You are poisoned.
The water moccasin poisons you!
You hit the water moccasin.
The water moccasin is heavily wounded.
You feel very sick. The water moccasin bites you.
You are more poisoned.
The water moccasin poisons you!
You hit the water moccasin.
The water moccasin is severely wounded.
You feel very sick.
The water moccasin bites you but does no damage.
The water moccasin bites you.
You are lethally poisoned!
The water moccasin poisons you!
You miss the water moccasin.
Your headbutt misses the water moccasin.
The water moccasin is heavily wounded.
You feel extremely sick.
The water moccasin bites you but does no damage.
You barely miss the water moccasin. You headbutt the water moccasin.
The water moccasin is severely wounded.
* * * LOW HITPOINT WARNING * * *
You feel very sick.
The water moccasin bites you but does no damage.
You whack the water moccasin!
The water moccasin is almost dead.
* * * LOW HITPOINT WARNING * * *
You feel very sick. The water moccasin bites you!
* * * LOW HITPOINT WARNING * * *
You closely miss the water moccasin.
Your headbutt misses the water moccasin.
The water moccasin is almost dead.
You die...

############
..........<##
######......#
#...##......#
.......@....+
..#.#.$S....#
# #.......#
#.......#
.$......#
.######### ..
##


You could see a water moccasin.

Vanquished Creatures
  An ice beast (D:5)
  A centaur (D:5)
  2 phantoms
  2 scorpions (D:5)
  An orc priest (D:3)
  3 hounds
  4 iguanas
  An orc wizard (D:3)
  4 gnolls
  4 adders
  A white imp (D:6)
  2 ufetubi
  A dart slug (D:2)
  A worm (D:2)
  5 orcs
  6 ball pythons
  2 endoplasms
  6 giant cockroaches
  7 goblins
  3 hobgoblins
  4 jackals (D:2)
  3 quokkas
  3 bats
  4 frilled lizards
  4 kobolds
  3 rats
78 creatures vanquished.

Notes
Turn   | Place    | Note
-------+----------+-------------------------------------------
     0 | D:1      | Artool the Demonspawn Fighter began the quest for the Orb.
     0 | D:1      | Reached XP level 1. HP: 18/18 MP: 1/1
   469 | D:1      | Gained mutation: You are partially covered in slimy green
                  | scales. (AC +2) [demonic ancestry]
   469 | D:1      | Reached XP level 2. HP: 22/24 MP: 2/2
  1137 | D:2      | Found a faded altar of an unknown god.
  1269 | D:2      | Gained mutation: You regenerate magic rapidly. [demonic
                  | ancestry]
  1269 | D:2      | Reached XP level 3. HP: 25/29 MP: 3/3
  2366 | D:3      | Reached XP level 4. HP: 36/37 MP: 4/4
  3081 | D:3      | Gained mutation: You have a pair of small horns on your
                  | head. [demonic ancestry]
  3081 | D:3      | Reached XP level 5. HP: 38/42 MP: 5/5
  4689 | D:5      | Entered Level 5 of the Dungeon
  4750 | D:5      | Found Kusyc's Antique Armour Shop.
  4836 | D:5      | Found an iron altar of Okawaru.
  4843 | D:5      | Reached XP level 6. HP: 35/49 MP: 6/6
  5264 | D:5      | Reached skill level 5 in Fighting
  5278 | D:5      | Gained mutation: You are mostly covered in slimy green
                  | scales. (AC +3) [demonic ancestry]
  5278 | D:5      | Reached XP level 7. HP: 44/56 MP: 7/7
  5382 | D:5      | HP: 1/56 [iguana (9)]
  5738 | D:5      | Reached skill level 5 in Armour
  5775 | D:5      | Found a blossoming altar of Fedhas.
  5792 | D:5      | Found a snail-covered altar of Cheibriados.
  5998 | D:5      | Noticed an air elemental
  6006 | D:5      | Found a stormy altar of Qazlal.
  6009 | D:5      | Noticed a water elemental
  6051 | D:5      | Noticed a fire elemental
  6148 | D:6      | Succumbed to a water moccasin's poison

Illustrated notes

Levels and vault maps discovered:
D:1:      amcnicky_arrival_flooded_fountain, layout_basic,
          chequers_serial_rivers_micro_d, minmay_door_square
D:2:      layout_loops_cross, hellmonk_ecumenical_altar_leap_of_faith
D:3:      layout_basic, serial_curves, eino_curves_03, eino_curves_03,
          eino_curves_01
D:4:      layout_layer_cave
D:5:      layout_cave_pools, lemuel_doored_altar, mainiacjoe_overflow_alcove_2,
          nicolae_qazlal_style_of_elements, okawaru_metal_pillars_1_2,
          serial_shops, shop, hangedman_minor_gate_pass
D:6:      layout_basic, minmay_temple_entry_antechambers,
          gammafunk_ghost_nasty_kobolds, minmay_misc_feat_columns,
          kennysheep_windowed_goal

Skill      XL: |  1  2  3  4  5  6  7 |
---------------+----------------------+-----
Maces & Flails | 2 3 4 |  4.8
Armour         | 3 4 5 |  5.3
Fighting       | 4 5 |  5.8
Shields        | |  2.6

Action                   |  1- 3 |  4- 6 |  7- 9 || total
-------------------------+-------+-------+-------++-------
Melee: Flail             |    60 |       |       ||    60
       Whip              |    96 |   187 |    97 ||   380
       Headbutt          |       |    31 |    25 ||    56
Armor: Scale mail        |    79 |   101 |    44 ||   224
Dodge: Dodged            |    58 |    84 |    61 ||   203
Block: Buckler           |    34 |    52 |    13 ||    99
